 Dungeon Crawl Stone Soup version bcrawl-1.28 (webtiles) character file.

Game seed: 7072416735449925310

114958 pasperui the Sneak (level 3, 0/33 HPs)
             Began as a Naga Earth Elementalist on Dec 8, 2020.
             Slain by a giant cockroach (2 damage)
             ... on level 2 of the Dungeon.
             The game lasted 00:03:19 (1001 turns).

pasperui the Sneak (Naga Earth Elementalist)        Turns: 1001, Time: 00:03:19

Health: 0/33       AC:  0    Str: 10    XL:     3   Next: 27%
Magic:  2/6        EV: 10    Int: 16    God:
Gold:   40         SH:  0    Dex: 11    Spells: 5/6 levels left

rFire    . . .     SeeInvis +   i - +0 short sword
rCold    . . .     Gourm    .   (no shield)
rNeg     . . .     Faith    .   c - +1 robe
rPois    +         Spirit   .   (no helmet)
rElec    .         Reflect  .   (no cloak)
rCorr    .         Harm     .   (no gloves)
MR       .....                  (no barding)
Stlth    ++........             (no amulet)
HPRegen  0.11/turn              k - -3 ring of protection (curse)
MPRegen  0.10/turn              (no ring)

@: very slightly contaminated, very slow
A: large, see invisible, deformed body, poison resistance, slowness 2, slow
metabolism 1, spit poison 1, AC +1
a: Spit Poison


You were on level 2 of the Dungeon.
You were not hungry.

You visited 1 branch of the dungeon, and saw 2 of its levels.

You collected 40 gold pieces.

Inventory:

Hand Weapons
 g - a +0 dagger
 i - a +0 short sword (weapon)
Missiles
 b - 240 stones (quivered)
 l - 145 arrows
Armour
 c - a +1 robe (worn)
Jewellery
 k - a cursed -3 ring of protection (left hand)
Scrolls
 a - 2 scrolls of identify
Potions
 f - a potion of agility {unknown}
 h - a potion of cancellation {unknown}
 m - a potion of ambrosia {unknown}
Comestibles
 d - 4 chunks of flesh
 e - 4 rations {!d}


   Skills:
 - Level 2.5 Fighting
 * Level 0.7 Throwing
 - Level 1.5 Dodging
 - Level 3.2 Stealth
 - Level 2.0 Spellcasting
   Level 1.0 Transmutations
 - Level 3.0 Earth Magic


You had 5 spell levels left.
You knew the following spells:

 Your Spells              Type           Power        Failure   Level  Hunger
a - Sandblast             Erth           ##....       6%          1    None

Your spell library contained the following spells:

 Spells                   Type           Power        Failure   Level  Hunger
 Passwall                 Tmut/Erth      #.......     14%         2    ##.....
 Stone Arrow              Conj/Erth      #.....       32%         3    ####...
 Petrify                  Tmut/Erth      #.........   65%         4    ######.
 Lee's Rapid Deconstruct  Erth           ##........   86%         5    #######


Dungeon Overview and Level Annotations

Branches:
Dungeon (2/12)

Altars:
Nemelex Xobeh


Innate Abilities, Weirdness & Mutations

You cannot wear boots.
Your serpentine skin is tough. (AC +1)
You have supernaturally acute eyesight. (SInv)
Armour fits poorly on your strangely shaped body.
Your system is resistant to poisons. (rPois)
You cover ground very slowly.
You have a slow metabolism.
You can spit poison.


Message History

* * * LOW HITPOINT WARNING * * *
The giant cockroach completely misses you.
Casting: Sandblast (safe; 6% risk of failure)
Confirm with . or Enter, or press ? or * to list all spells.
Aiming: Sandblast (safe; 6% risk of failure)
Press: ? - help, Shift-Dir - straight line, f/p - giant cockroach
Aim: a giant cockroach (almost dead, clinging)
You miscast Sandblast.
You are very lightly contaminated with residual magic.
You feel earthy. The bat barely misses you. The giant cockroach bites you.
* * * LOW HITPOINT WARNING * * *
Casting: Sandblast (safe; 6% risk of failure)
Confirm with . or Enter, or press ? or * to list all spells.
Aiming: Sandblast (safe; 6% risk of failure)
Press: ? - help, Shift-Dir - straight line, f/p - giant cockroach
Aim: a giant cockroach (almost dead, clinging)
You miscast Sandblast.
You feel a surge of energy from the ground.
The giant cockroach bites you.
You die...

#.. ..... #.. ...# #.#
...# #######.##...##
..............# #.<#.#
..# ######..#.##..#
####..).รท........#
##.....@s#..#..#..#
#....[##b#........#
#.....##.##...........
#.....##.####.g.......
#....l##.# #.##......
#.....##.#. ..# ######
#.............#
#.##..#.#.#.## #.
##S......


You could see a giant cockroach and a bat.

Vanquished Creatures
  2 dart slugs (D:1)
  A leopard gecko (D:1)
  4 bats
  A giant cockroach (D:2)
  A goblin (D:1)
  5 hobgoblins (D:1)
  A jackal (D:2)
  3 kobolds
  A ball python (D:1)
  4 frilled lizards
  2 rats (D:1)
25 creatures vanquished.

Notes
Turn   | Place    | Note
-------+----------+-------------------------------------------
     0 | D:1      | pasperui the Naga Earth Elementalist began the quest for
                  | the Orb.
     0 | D:1      | Reached XP level 1. HP: 15/15 MP: 3/3
    55 | D:1      | Reached skill level 1 in Fighting
   192 | D:1      | Reached XP level 2. HP: 12/25 MP: 0/5
   838 | D:1      | Reached XP level 3. HP: 33/33 MP: 6/6
   843 | D:1      | Found a sparkling altar of Nemelex Xobeh.
  1001 | D:2      | Slain by a giant cockroach

Skill      XL: |  1  2 |
---------------+-------+-----
Fighting       | 1 2 |  2.5
Throwing       | |  0.7
Dodging        | |  1.5
Stealth        | |  3.2
Spellcasting   | |  2.0
Transmutations | |  1.0
Earth Magic    | |  3.0

Action                   || total
-------------------------++-------
Melee: Unarmed           ||    26
       Dagger            ||    18
       Short sword       ||    42
 Cast: Sandblast         ||     6
 Abil: Spit Poison       ||    12
  Use: Scroll            ||     1
 Stab: Sleeping          ||     2
  Eat: Chunk             ||     3
Armor: Robe              ||    14
Dodge: Dodged            ||    72
